 Dungeon Crawl Stone Soup version 0.30-a0-618-gd6c86c23d0 (webtiles) character file.

Game seed: 1773134596226576072

168 bmack86 the Trooper (level 5, -2/47 HPs)
             Began as a Minotaur Fighter on Jan 9, 2023.
             Killed by divine providence
             ... invoked by an orc priest
              (13 damage)
             ... on level 4 of the Dungeon.
             The game lasted 00:05:14 (1944 turns).

bmack86 the Trooper (Minotaur Fighter)              Turns: 1944, Time: 00:05:15

Health: -2/47      AC: 12    Str: 22    XL:     5   Next: 24%
Magic:  13/13      EV:  6    Int:  5    God:
Gold:   207        SH:  4    Dex: 10    Spells: 4/4 levels left

rFire   . . .      SeeInvis .    a - +0 war axe
rCold   + . .      Faith    .    c - +0 buckler
rNeg    . . .      Spirit   .    v - +0 plate armour {rC+}
rPois   .          Reflect  .    (helmet restricted)
rElec   .          Harm     .    (no cloak)
rCorr   .          Rampage  .    (no gloves)
Will    .....                    (no boots) Stlth
                                 (no amulet)
HPRegen 0.27/turn                m - ring of magical power
MPRegen 0.13/turn                (no ring)

@: no status effects
A: horns 2, retaliatory headbutt
a: no special abilities


You were on level 4 of the Dungeon.
You visited 1 branch of the dungeon, and saw 4 of its levels.

You collected 207 gold pieces.

Inventory:

Hand Weapons
 a - a +0 war axe (weapon)
 s - a +2 great sword of flaming
Missiles
 e - 11 poisoned darts
 p - 6 javelins
 q - 4 boomerangs (quivered)
Armour
 b - a +0 scale mail
 c - a +0 buckler (worn)
 v - a +0 plate armour of cold resistance (worn)
Jewellery
 m - a ring of magical power (left hand)
Wands
 h - a wand of iceblast (10)
 o - a wand of flame (11)
Scrolls
 g - a scroll of amnesia
 i - a scroll of summoning
 j - 2 scrolls of teleportation
 k - 3 scrolls of enchant weapon
 n - a scroll of immolation {unknown}
Potions
 d - a potion of might
 f - 2 potions of curing
 l - 2 potions of haste
 r - a potion of brilliance
 t - a potion of attraction


   Skills:
 * Level 4.8 Fighting
 * Level 4.0 Axes
 + Level 1.6 Throwing
 + Level 4.4 Armour
 + Level 4.2 Shields


You had 4 spell levels left.
You didn't know any spells.
Your spell library was empty.

Dungeon Overview and Level Annotations

Branches:
Dungeon (4/15)
 Temple: D:4-7

Altars:
Elyvilon
The Shining One

Shops:
D:2 *


Innate Abilities, Weirdness & Mutations

You have a pair of horns on your head.
You reflexively headbutt those who attack you in melee.


Message History

You miss the phantom. You closely miss the orc wizard.
The jackal bites you but does no damage.
The orc wizard gestures at you while chanting.
You resist with some effort.
The phantom hits you but does no damage.
You bump into the stone wall.
The jackal bites you but does no damage.
The orc wizard hits you but does no damage.
The phantom hits you but does no damage.
The jackal barely misses you.
You hit the jackal.
The jackal is moderately wounded.
You miss the orc wizard. You barely miss the phantom.
The jackal bites you but does no damage.
The orc priest invokes the aid of Beogh against you.
Beogh smites you!
The orc wizard hits you but does no damage.
The phantom hits you.
The phantom blinks!
You blink.
A hobgoblin comes into view.
Found a scroll of enchant weapon.
The phantom attacks as you move away! The phantom completely misses you.
The hobgoblin shouts!
The phantom hits you.
* * * LOW HITPOINT WARNING * * *
The phantom blinks!
You blink.
You bump into the rock wall.
The phantom hits you but does no damage.
You are too confused!
You feel less confused.
The phantom hits you but does no damage.
You barely miss the phantom. The phantom hits you.
* * * LOW HITPOINT WARNING * * *
The phantom blinks!
You blink.
You block the phantom's attack.
The phantom hits you but does no damage.
You miss the phantom. You headbutt the phantom!
The phantom is heavily damaged.
The phantom hits you but does no damage.
The orc priest calls down the wrath of Beogh upon you.
Beogh smites you!
You die...

##.........
##.....###
##..##.##
##.g.##.## .
#§§.##...## ..
#.h.##....h##o..
##...S.o..♣hoo.o..
##.....###...###o..
#W@....# #)o.# ..
#..#...## #.o.# .
#...##...# #)§.#
.....# .....# #...#
##..# ..#.....♣...+
##. ..####.....## #
.## ##...## .#
##.## .#


You could see a phantom, an orc priest, an adder, a jackal and a hobgoblin.

Vanquished Creatures
  A howler monkey (D:3)
  Ijyb (D:3)
  An orc wizard (D:4)
  A dart slug (D:3)
  4 orcs (D:4)
  9 bats
  6 endoplasms
  3 giant cockroaches
  A goblin (D:1)
  6 hobgoblins
  6 jackals
  8 kobolds
  3 quokkas
  6 ball pythons
  2 frilled lizards (D:1)
  7 rats
65 creatures vanquished.

Notes
Turn   | Place    | Note
-------+----------+-------------------------------------------
     0 | D:1      | bmack86 the Minotaur Fighter began the quest for the Orb.
     0 | D:1      | Reached XP level 1. HP: 19/19 MP: 0/0
   100 | D:1      | Reached XP level 2. HP: 21/27 MP: 1/1
   543 | D:1      | Reached XP level 3. HP: 33/33 MP: 2/2
   891 | D:2      | Found a white marble altar of Elyvilon.
   902 | D:2      | Reached skill level 1 in Throwing
  1185 | D:2      | Found Nudour's Assorted Antiques.
  1504 | D:3      | Noticed Ijyb
  1513 | D:3      | Killed Ijyb
  1514 | D:3      | Reached XP level 4. HP: 38/41 MP: 3/3
  1687 | D:3      | Found a glowing golden altar of the Shining One.
  1924 | D:4      | Reached XP level 5. HP: 46/47 MP: 4/4
  1927 | D:4      | Noticed a phantom
  1944 | D:4      | Killed from afar by an orc priest

Illustrated notes

Levels and vault maps discovered:
D:1:      dpeg_arrival_erosion, layout_basic, minmay_pentomino_w4
D:2:      layout_loops_ring, basic_altar, serial_shops, nicolae_lakefront_shop,
          reono_crystal_passage
D:3:      layout_rooms, mainiacjoe_overflow_boulevard, uniq_ijyb
D:4:      layout_cave_pods, hangedman_abyss_or_decor_passed,
          grunt_ministairs_15, uniq_duvessa, uniq_blork_the_orc

Skill      XL: |  1  2  3  4  5 |
---------------+----------------+-----
Fighting       | 4 |  4.8
Axes           | 3 4 |  4.0
Armour         | 4 |  4.4
Throwing       | 1 |  1.6
Shields        | 4 |  4.2

Action                   |  1- 3 |  4- 6 || total
-------------------------+-------+-------++-------
Melee: War axe           |    58 |    51 ||   109
       Headbutt          |     7 |     3 ||    10
Throw: Boomerang         |     2 |       ||     2
  Use: Scroll            |     2 |     7 ||     9
Armor: Scale mail        |    43 |    15 ||    58
       Plate armour      |       |    24 ||    24
Dodge: Dodged            |    62 |    23 ||    85
Block: Buckler           |    30 |    19 ||    49

Table legend: (Time is in decaauts)
 A = Elapsed time spent in this place.
 B = Non-inter-level travel time spent in this place.
 C = Inter-level travel time spent in this place.
 D = Time resting spent in this place.
 E = Time spent auto-exploring this place.
 F = Levels seen in this place.
 G = Mean time per level.
                   A        B        C        D        E       F      G
               +--------+--------+--------+--------+--------+-----+--------+
         Total |   1983 |   1953 |     30 |      0 |   1246 |   4 |  495.8 |
       Dungeon |   1983 |   1953 |     30 |      0 |   1246 |   4 |  495.8 |
               +--------+--------+--------+--------+--------+-----+--------+

Top non-repeatable levels by time:
     D:2: 857 daAuts
     D:1: 665 daAuts
     D:3: 428 daAuts
     D:4: 32 daAuts
